[Event "Titled Tuesday Blitz August 22 Early 2023"]
[White "Ilamparthi A R"]
[Black "Martinez Alcantara, Jose Eduardo"]
[WhiteFideId "45015775"]
[BlackFideId "3805662"]
[WhiteElo "2884"]
[BlackElo "3035"]
[Result "0-1"]
[Round "7"]
[TimeControl "180+1"]
[Date "2023.08.22"]
[WhiteClock "0:00:57"]
[BlackClock "0:01:54"]
[Board "8"]

1. e4 c5 2. Nf3 d6 3. g3 Nf6 4. d3 g6 5. Bg2 Bg7 6. O-O O-O 7. Re1 Nc6 8. h3 e5 9. Nc3 h6 10. Nh2 Be6 11. Ng4 Nxg4 12. hxg4 Qd7 13. g5 hxg5 14. Bxg5 f6 15. Be3 Kf7 16. Nd5 Rh8 17. c3 Rh7 18. f4 Rah8 19. Qf3 Bh3 20. Bxh3 Rxh3 21. Kf1 exf4 22. Nxf4 Ne5 23. Qg2 Rh2 0-1


[Site "https://www.chess.com"]

[Event "Titled Tuesday Blitz August 22 Early 2023"]
[White "Sarana, Alexey"]
[Black "Jones, Gawain C B"]
[WhiteFideId "24133795"]
[BlackFideId "409561"]
[WhiteElo "3031"]
[BlackElo "2877"]
[Result "1-0"]
[Round "7"]
[TimeControl "180+1"]
[Date "2023.08.22"]
[WhiteClock "0:00:24"]
[BlackClock "0:00:02"]
[Board "9"]

1. d4 d5 2. c4 e6 3. Nc3 a6 4. cxd5 exd5 5. Bf4 h6 6. e3 Nf6 7. Bd3 Bd6 8. Bxd6 Qxd6 9. h3 O-O 10. Nf3 Nc6 11. O-O Ne7 12. Qc2 g6 13. Nh4 c5 14. dxc5 Qxc5 15. Nf3 Bf5 16. Rfd1 Rac8 17. Rac1 Rfd8 18. Qb3 Bxd3 19. Rxd3 Qc4 20. Rcd1 Qxb3 21. axb3 Re8 22. g4 Rc5 23. Rd4 Nc6 24. Ra4 Ne5 25. Nd4 Ne4 26. Nde2 Nf3+ 27. Kg2 Nh4+ 28. Kf1 Re5 29. Nxe4 dxe4 30. Nc3 f5 31. Rd7 Ra5 32. Rc4 Rec5 33. Rxc5 Rxc5 34. b4 Rc6 35. Rxb7 Nf3 36. Kg2 fxg4 37. hxg4 Nd2 38. Nd5 Kf8 39. b5 a5 40. bxc6 1-0


[Site "https://www.chess.com"]

[Event "Titled Tuesday Blitz August 22 Early 2023"]
[White "Xiong, Jeffery"]
[Black "Mekhitarian, Krikor Sevag"]
[WhiteFideId "2047640"]
[BlackFideId "2107660"]
[WhiteElo "3003"]
[BlackElo "2875"]
[Result "0-1"]
[Round "7"]
[TimeControl "180+1"]
[Date "2023.08.22"]
[WhiteClock "0:00:03"]
[BlackClock "0:00:08"]
[Board "10"]

1. e4 e6 2. d4 d5 3. e5 c5 4. c3 Nc6 5. Nf3 Bd7 6. Be2 cxd4 7. cxd4 Nge7 8. Na3 Nf5 9. Nc2 Be7 10. O-O O-O 11. Bd3 f6 12. Bxf5 exf5 13. Re1 Rc8 14. Bf4 g5 15. exf6 Bxf6 16. Be5 Be7 17. Nd2 f4 18. Nb3 Bf5 19. Rc1 b6 20. Nd2 Qd7 21. Nf1 Bg6 22. h3 h5 23. Nh2 Qf5 24. a3 Rfe8 25. Re2 Bf8 26. Qd2 Re6 27. Nf3 Be7 28. Rce1 g4 29. hxg4 hxg4 30. Nh2 f3 31. Ne3 Qh5 32. Nxd5 fxe2 33. Nf4 Bg5 34. Rxe2 Nxe5 35. dxe5 Bxf4 36. Qxf4 Qf5 37. Qe3 Rce8 38. f4 gxf3 39. Nxf3 Bh5 40. Rf2 Qg6 41. Qf4 Rf8 0-1


[Site "https://www.chess.com"]

[Event "Titled Tuesday Blitz August 22 Early 2023"]
[White "Tabatabaei, M. Amin"]
[Black "Cordova, Emilio"]
[WhiteFideId "12521213"]
[BlackFideId "3801497"]
[WhiteElo "2996"]
[BlackElo "2875"]
[Result "0-1"]
[Round "7"]
[TimeControl "180+1"]
[Date "2023.08.22"]
[WhiteClock "0:00:03"]
[BlackClock "0:00:04"]
[Board "11"]

1. e4 c5 2. Nf3 Nc6 3. c3 e6 4. d4 d5 5. e5 Nge7 6. Na3 Nf5 7. Nc2 cxd4 8. cxd4 f6 9. Bd3 Be7 10. O-O O-O 11. Re1 fxe5 12. Nxe5 Nxe5 13. Rxe5 Bd6 14. Re1 Qh4 15. h3 Nxd4 16. Bxh7+ Kxh7 17. Qxd4 Qxd4 18. Nxd4 e5 19. Nb5 Bb8 20. b3 Bd7 21. Nc3 Bc6 22. Ba3 Rf5 23. Rad1 e4 24. Bc5 Be5 25. Bd4 Bd6 26. Rc1 a6 27. Rc2 Raf8 28. a4 R8f7 29. Nd1 Rg5 30. Ne3 Rg6 31. Rd1 Bf4 32. Bc5 Rg5 33. Bd4 Bb8 34. Ra1 Bd7 35. Kf1 Bg3 36. b4 Bh4 37. Ke1 Bc6 38. Rb2 Rh5 39. Raa2 Bd8 40. b5 Ba5+ 41. Kf1 Bd7 42. Rb1 Rg5 43. Rc2 Rh5 44. Rbb2 Rg5 45. Rb1 Rh5 46. Rcb2 Rg5 47. Rd1 Rh5 48. Rc1 Rg5 49. Rcc2 Rh5 50. Rb1 Rg5 51. Rb3 Rh5 52. Kg1 Rg5 53. Kf1 Rh5 54. Rbb2 axb5 55. axb5 b6 56. Rb3 Rg5 57. Rb1 Rh5 58. Nd1 Bf5 59. Ne3 Bd7 60. Rcb2 Rg5 61. Rc1 Rh5 62. Rbb1 Rg5 63. Rb2 Rh5 64. Rcc2 Rg5 65. Rb3 Rh5 66. Rc1 Bd2 67. Rd1 Ba5 68. Kg1 Rg5 69. Kh1 Rh5 70. Kg1 Rg5 71. Kf1 Rh5 72. Rb2 Rg5 73. Rdb1 Rh5 74. Rc2 Rg5 75. Nd1 Rh5 76. Rb3 Rg5 77. Be3 Rgf5 78. Bd4 Rh5 79. Rc1 Rg5 80. Ne3 Rh5 81. Rcb1 Rg5 82. Nd1 Rh5 83. Rg3 Rhf5 84. Rb2 Be6 85. Ne3 R5f6 86. Rc2 Rh6 87. Rg5 Rd7 88. Rc6 Bg8 89. Rxg7+ Rxg7 90. Rxh6+ Kxh6 91. Nf5+ Kg6 92. Nxg7 Bf7 93. g4 Kh7 94. h4 Bb4 95. Nf5 Be8 96. Kg2 Bxb5 97. h5 Bd7 98. Ne3 Be6 99. Bxb6 Bc3 100. g5 d4 101. Nd1 Ba1 102. f3 Bb3 103. Nf2 e3 104. Ng4 e2 105. g6+ Kh8 106. Kf2 d3 107. Ba5 Bd4+ 108. Ke1 Bc4 109. h6 Be6 110. Bd2 Bxg4 111. fxg4 Kg8 112. g5 Be5 113. g7 Bg3# 0-1


[Site "https://www.chess.com"]

[Event "Titled Tuesday Blitz August 22 Early 2023"]
[White "Terry, Renato"]
[Black "Yeletsky, Ivan"]
[WhiteFideId "3803457"]
[BlackFideId "24180327"]
[WhiteElo "2952"]
[BlackElo "2873"]
[Result "1-0"]
[Round "7"]
[TimeControl "180+1"]
[Date "2023.08.22"]
[WhiteClock "0:01:00"]
[BlackClock "0:00:01"]
[Board "12"]

1. d4 d5 2. Nf3 Nf6 3. c4 e6 4. e3 Be7 5. b3 O-O 6. Bd3 c5 7. O-O cxd4 8. exd4 Nc6 9. Bb2 b6 10. Nbd2 Bb7 11. Qe2 Rc8 12. Rac1 Re8 13. a3 Bf8 14. Rfd1 g6 15. Qe3 dxc4 16. bxc4 Bg7 17. h3 Qe7 18. Nb3 Qf8 19. Rc2 Ne7 20. Ne5 Nf5 21. Qe1 Nh4 22. f3 Nf5 23. g4 Nd6 24. a4 Red8 25. a5 Nd7 26. Ba3 Nxe5 27. dxe5 Bxe5 28. Qxe5 Nxc4 29. Rxc4 Qxa3 30. Rxc8 Rxc8 31. Nd4 Qxa5 32. Qxa5 bxa5 33. Be2 e5 34. Nb5 Rc2 35. Kf1 Ba6 36. Nd4 Bxe2+ 37. Nxe2 a4 38. Ra1 Rc4 39. Kf2 Kg7 40. Ke3 f5 41. Kd3 Rb4 42. Nc3 Rf4 43. Ke3 Rc4 44. Nxa4 fxg4 45. hxg4 h5 46. gxh5 gxh5 47. Nb2 Rc7 48. Nd3 Kf6 49. Ra6+ Kf5 50. Rh6 Re7 51. Rxh5+ Kf6 52. Ke4 a5 53. Rh6+ Kg5 54. Ra6 Rb7 55. Rxa5 Kh4 56. Rxe5 Kg3 57. Rg5+ 1-0


[Site "https://www.chess.com"]

[Event "Titled Tuesday Blitz August 22 Early 2023"]
[White "Ibrahimli, Murad"]
[Black "Kramnik, Vladimir"]
[WhiteFideId "13410229"]
[BlackFideId "4101588"]
[WhiteElo "2868"]
[BlackElo "2938"]
[Result "0-1"]
[Round "7"]
[TimeControl "180+1"]
[Date "2023.08.22"]
[WhiteClock "0:00:07"]
[BlackClock "0:01:10"]
[Board "13"]

1. d4 d5 2. c4 e6 3. Nf3 Nf6 4. g3 Be7 5. Bg2 O-O 6. O-O dxc4 7. Qc2 a6 8. a4 b6 9. Qxc4 Bb7 10. Bg5 Nbd7 11. Nc3 c5 12. Rfd1 Rc8 13. Qd3 h6 14. Bxf6 Nxf6 15. Ne5 Bxg2 16. Kxg2 cxd4 17. Qxd4 Qc7 18. Nf3 Qb7 19. h3 Rc5 20. e4 Rfc8 21. Qe3 Rxc3 22. bxc3 Nxe4 23. Rd4 f5 24. Rad1 Rxc3 25. Rxe4 Rxe3 26. Rxe3 Qc6 27. h4 Qxa4 28. Rb1 Bc5 29. Rxe6 Qa2 0-1


[Site "https://www.chess.com"]

[Event "Titled Tuesday Blitz August 22 Early 2023"]
[White "Timofeev, Artyom"]
[Black "Zhigalko, Sergei"]
[WhiteFideId "4140419"]
[BlackFideId "13502956"]
[WhiteElo "2851"]
[BlackElo "2937"]
[Result "1/2-1/2"]
[Round "7"]
[TimeControl "180+1"]
[Date "2023.08.22"]
[WhiteClock "0:01:43"]
[BlackClock "0:00:50"]
[Board "14"]

1. e4 c5 2. Nf3 Nc6 3. d4 cxd4 4. Nxd4 Nf6 5. Nc3 e5 6. Ndb5 d6 7. Bg5 a6 8. Na3 b5 9. Nd5 Be7 10. Bxf6 Bxf6 11. c4 b4 12. Nc2 O-O 13. g3 a5 14. Bg2 Bg5 15. O-O Be6 16. Qd3 Kh8 17. a3 Rb8 18. axb4 Bxd5 19. Qxd5 Nxb4 20. Nxb4 Rxb4 21. Rxa5 Rxb2 22. Ra6 Rd2 23. Qb7 g6 24. h4 Bh6 25. Bf3 Qf6 26. Qb3 Qe6 27. Rd1 Rxd1+ 28. Qxd1 Qxc4 29. Rxd6 1/2-1/2


[Site "https://www.chess.com"]

[Event "Titled Tuesday Blitz August 22 Early 2023"]
[White "Adewumi, Tanitoluwa"]
[Black "Henriquez Villagra, Cristobal"]
[WhiteFideId "30966396"]
[BlackFideId "3409350"]
[WhiteElo "2807"]
[BlackElo "2923"]
[Result "0-1"]
[Round "7"]
[TimeControl "180+1"]
[Date "2023.08.22"]
[WhiteClock "0:00:00"]
[BlackClock "0:01:08"]
[Board "16"]

1. e4 d6 2. d4 g6 3. Nc3 a6 4. Be3 b5 5. Nf3 Bb7 6. Bd3 Nd7 7. Qd2 Bg7 8. h4 h6 9. h5 g5 10. a4 b4 11. Ne2 a5 12. Ng3 e6 13. O-O Ngf6 14. Nh2 c5 15. c3 c4 16. Bc2 b3 17. Bb1 e5 18. dxe5 dxe5 19. Qe2 Qc7 20. Ng4 Nxg4 21. Qxg4 Nf6 22. Qe2 O-O 23. Nf5 Rfd8 24. Re1 Bf8 25. Qf3 Ra6 26. Qg3 Ne8 27. Rf1 Kh8 28. f4 exf4 29. Rxf4 gxf4 30. Bxf4 Qc6 31. e5 Rd1+ 32. Kh2 Rxb1 33. Rxb1 Qe4 0-1


[Site "https://www.chess.com"]

[Event "Titled Tuesday Blitz August 22 Early 2023"]
[White "Kovalev, Vladislav"]
[Black "Krzyzanowski, Marcin"]
[WhiteFideId "13504398"]
[BlackFideId "1132199"]
[WhiteElo "2910"]
[BlackElo "2796"]
[Result "1-0"]
[Round "7"]
[TimeControl "180+1"]
[Date "2023.08.22"]
[WhiteClock "0:00:11"]
[BlackClock "0:00:02"]
[Board "17"]

1. e4 c5 2. Nf3 d6 3. Bb5+ Bd7 4. Bxd7+ Qxd7 5. c4 Nf6 6. Nc3 g6 7. d4 cxd4 8. Nxd4 Bg7 9. f3 O-O 10. Be3 Nc6 11. Rc1 Rac8 12. b3 a6 13. a4 e6 14. O-O Rfe8 15. Qd2 Ne5 16. h3 Nh5 17. Rfd1 f5 18. Nde2 Nf7 19. a5 Qe7 20. Qe1 g5 21. exf5 exf5 22. Nd5 Qd8 23. Bb6 Qd7 24. Qf2 f4 25. Bd4 Qe6 26. Bxg7 Nxg7 27. Nec3 h5 28. Ne4 Kh8 29. Nef6 Rf8 30. Re1 Ne5 31. h4 Rxf6 32. hxg5 Rf5 33. Qh4 Rcf8 34. Re4 Ng6 35. Rxe6 Nxh4 36. Rh6+ Kg8 37. Ne7+ Kf7 38. Nxf5 Nhxf5 39. Rf6+ Kg8 40. Re1 Ne3 41. Rxd6 Ngf5 42. Rd7 h4 43. Rxb7 Rd8 44. Re7 Rd2 45. R7xe3 fxe3 46. c5 Rc2 47. b4 Kg7 48. Kh2 Kg6 49. f4 Nd4 50. Rxe3 Kf5 51. Re8 Kxf4 52. g6 Nf5 53. Rf8 Kg5 54. Rxf5+ Kxg6 55. Rf4 Rb2 56. Rxh4 Kg5 57. Rd4 Kf5 58. Kg3 Rc2 59. Kf3 Rc3+ 60. Ke2 Ke5 61. Rg4 Rc2+ 62. Kd3 Rc1 63. Rg6 Kd5 64. Rd6+ Ke5 65. Rxa6 Kd5 66. Rd6+ Ke5 67. a6 Ra1 68. Kc4 Ra2 69. Kb5 Rxg2 70. a7 Rg8 71. Kb6 Rc8 72. Kb7 Re8 73. a8=Q Rxa8 74. Kxa8 1-0


[Site "https://www.chess.com"]

[Event "Titled Tuesday Blitz August 22 Early 2023"]
[White "Naroditsky, Daniel"]
[Black "Zemlyanskii, Ivan"]
[WhiteFideId "2026961"]
[BlackFideId "24249971"]
[WhiteElo "3188"]
[BlackElo "2839"]
[Result "0-1"]
[Round "7"]
[TimeControl "180+1"]
[Date "2023.08.22"]
[WhiteClock "0:00:02"]
[BlackClock "0:00:05"]
[Board "18"]

1. e4 c5 2. c3 d5 3. exd5 Qxd5 4. d4 g6 5. Nf3 Bg7 6. Na3 cxd4 7. Nb5 Na6 8. Nbxd4 Nf6 9. Bb5+ Bd7 10. Bxa6 bxa6 11. O-O O-O 12. Re1 Rfe8 13. Bf4 Nh5 14. Be3 e5 15. Nb3 Qc6 16. Nc5 Bg4 17. h3 Rad8 18. hxg4 Rxd1 19. Raxd1 Nf6 20. g5 Ng4 21. b4 e4 22. Nd4 Qc8 23. Bf4 e3 24. f3 Nf2 25. Rc1 Nh3+ 26. gxh3 Qxh3 27. Rc2 Bxd4 28. cxd4 Qxf3 29. Rf1 Qh3 30. Re2 Qg4+ 31. Rg2 Qh4 32. Nd7 e2 33. Nf6+ Kh8 34. Nxe8 exf1=Q+ 35. Kxf1 Qxf4+ 36. Rf2 Qxd4 37. Nf6 Qd1+ 38. Kg2 Qc1 39. Ne4 Kg7 40. Kf3 Qc4 41. a3 h6 42. gxh6+ Kxh6 43. Re2 Kg7 44. Re3 Qf1+ 45. Nf2 Qc1 46. Nd3 Qxa3 47. Ke2 a5 48. bxa5 Qxa5 49. Nf4 Qa6+ 50. Kf3 Qb7+ 51. Ke2 a5 52. Nd3 a4 53. Nc5 Qb5+ 54. Nd3 a3 55. Kf2 a2 56. Rf3 a1=Q 57. Kg2 Qd4 58. Nf2 Qbd5 59. Ne4 Q4xe4 60. Kg3 Qxf3+ 61. Kh2 Qg2# 0-1


[Site "https://www.chess.com"]

[Event "Titled Tuesday Blitz August 22 Early 2023"]
[White "So, Wesley"]
[Black "Klukin, Kirill"]
[WhiteFideId "5202213"]
[BlackFideId "24199273"]
[WhiteElo "3101"]
[BlackElo "2830"]
[Result "1-0"]
[Round "7"]
[TimeControl "180+1"]
[Date "2023.08.22"]
[WhiteClock "0:00:12"]
[BlackClock "0:00:09"]
[Board "19"]

1. b3 d5 2. Bb2 Nf6 3. Nf3 Bf5 4. Nh4 Bc8 5. g3 Nc6 6. d4 Bg4 7. h3 Bh5 8. Bg2 e6 9. O-O Be7 10. c4 Ne4 11. cxd5 exd5 12. Nf5 Bf6 13. Nd2 Nd6 14. Nxd6+ Qxd6 15. f4 O-O-O 16. g4 Bg6 17. f5 h5 18. fxg6 hxg4 19. e3 gxh3 20. Bf3 fxg6 21. Kh1 Kb8 22. Qe2 Ne7 23. Bg4 Rde8 24. e4 dxe4 25. Nxe4 Qd5 26. Qf3 Bxd4 27. Bxd4 Qxd4 28. Rad1 Qe5 29. Qf4 Qxf4 30. Rxf4 Nf5 31. Kh2 Ne3 32. Rd3 g5 33. Nxg5 Nxg4+ 34. Rxg4 Re2+ 35. Kh1 Re1+ 36. Rg1 Re2 37. a4 a5 38. Nxh3 Rb2 39. Rxg7 Re8 40. Rg2 Rb1+ 41. Kh2 Re4 42. Nf2 Rb4 43. Rgg3 Rb2 44. Kg2 Rf4 45. Rgf3 Rb4 46. Rc3 b5 47. axb5 Rxb5 48. Kg3 Kb7 49. Nd3 Rb1 50. Nc5+ Kb6 51. Rf6+ Ka7 52. Rc6 Kb8 53. Nd7+ Kc8 54. Nc5 Kb8 55. Kf3 Rb6 56. Nd7+ Kb7 57. Nxb6 cxb6 58. Ke3 Ka6 59. Kd2 Kb5 60. Kc2 Rg1 61. R6c4 Rg2+ 62. Kb1 Rg1+ 63. Kb2 Rg2+ 64. Rc2 Rg3 65. R4c3 Rg4 66. Rd3 Ka6 67. Ka3 Rb4 68. Rc4 Rb5 69. Rd6 Kb7 70. Ka4 Ka6 71. Ka3 Kb7 72. Rcc6 Rb4 73. Rc3 Ka6 74. Rcd3 Kb7 75. R3d4 Rb5 76. R6d5 1-0


[Site "https://www.chess.com"]

[Event "Titled Tuesday Blitz August 22 Early 2023"]
[White "Putnam, Liam"]
[Black "Grischuk, Alexander"]
[WhiteFideId "30938279"]
[BlackFideId "4126025"]
[WhiteElo "2822"]
[BlackElo "3030"]
[Result "1/2-1/2"]
[Round "7"]
[TimeControl "180+1"]
[Date "2023.08.22"]
[WhiteClock "0:00:05"]
[BlackClock "0:00:05"]
[Board "20"]

1. e4 e6 2. d4 d5 3. Nd2 c5 4. Ngf3 cxd4 5. Nxd4 Nf6 6. exd5 Nxd5 7. N2f3 Be7 8. c3 O-O 9. Bd3 Nc6 10. Nxc6 bxc6 11. Qe2 Qc7 12. O-O Bb7 13. Qe4 g6 14. Bh6 Rfe8 15. Rad1 c5 16. Qe5 Bf6 17. Qxc7 Nxc7 18. Nd2 Be7 19. Be3 Nd5 20. Nc4 Nxe3 21. Nxe3 a5 22. Bb5 Red8 23. a4 Rxd1 24. Rxd1 Rd8 25. Rb1 Bd5 26. Rd1 Bb3 27. Rxd8+ Bxd8 28. Kf1 Kg7 29. Ke2 Bc7 30. h3 Kf6 31. Kd3 Ke7 32. Bc6 f5 33. Nc4 e5 34. f3 h5 35. Ne3 Ke6 36. Be8 Kf6 37. Bb5 Ke6 38. Bc4+ Bxc4+ 39. Kxc4 Kd6 40. Kb5 e4 41. fxe4 fxe4 42. Kc4 Kc6 43. Nd5 Bd6 44. Nf6 e3 45. Kd3 Bf4 46. Ne4 Kd5 47. c4+ Kc6 48. Nc3 Bg5 49. Nd1 Bf6 50. Kxe3 Bd4+ 51. Ke4 Kd6 52. b3 Ke6 53. g3 g5 54. g4 h4 55. Ne3 Bxe3 56. Kxe3 Ke5 57. Kd3 Kd6 58. Ke3 Ke5 59. Kd3 Kd6 60. Ke4 Ke6 61. Kf3 Ke5 62. Ke3 Kd6 63. Kd3 Ke5 64. Ke3 Kd6 65. Ke4 Ke6 66. Kd3 Ke5 67. Ke3 1/2-1/2


[Site "https://www.chess.com"]

[Event "Titled Tuesday Blitz August 22 Early 2023"]
[White "Bluebaum, Matthias"]
[Black "Yanchenko, Roman"]
[WhiteFideId "24651516"]
[BlackFideId "4137329"]
[WhiteElo "3013"]
[BlackElo "2819"]
[Result "1-0"]
[Round "7"]
[TimeControl "180+1"]
[Date "2023.08.22"]
[WhiteClock "0:01:29"]
[BlackClock "0:00:07"]
[Board "21"]

1. d4 d5 2. c4 c6 3. Nf3 Nf6 4. Nc3 a6 5. Qc2 g6 6. cxd5 cxd5 7. Bg5 Bg7 8. Bxf6 exf6 9. e3 Nc6 10. a3 O-O 11. Be2 f5 12. O-O f4 13. exf4 Nxd4 14. Nxd4 Bxd4 15. Rad1 Bf5 16. Qb3 Bxc3 17. bxc3 Be6 18. Qxb7 Qd6 19. Qb4 Qc7 20. Bf3 a5 21. Qd4 Rac8 22. Rd3 Qe7 23. Bxd5 Bxd5 24. Qxd5 Qxa3 25. h4 Rxc3 26. Rd4 Qc5 27. Qe4 Rc1 28. Rxc1 Qxc1+ 29. Kh2 Qc5 30. Rd5 Qc6 31. Qd4 h5 32. f5 a4 33. fxg6 fxg6 34. Rd6 Qc7 35. f4 Qg7 36. Qxa4 Kh7 37. Qe4 Rf6 38. Rd5 Rf7 39. Rxh5+ Kg8 40. Re5 Qf8 41. Re8 Rxf4 42. Qxg6+ Kh8 43. Qh6+ Kg8 44. Qg6+ Kh8 45. Rxf8+ Rxf8 46. Qh6+ Kg8 47. Qxf8+ Kxf8 48. Kh3 Kg7 49. Kg4 Kg6 50. g3 1-0


[Site "https://www.chess.com"]

[Event "Titled Tuesday Blitz August 22 Early 2023"]
[White "Le, Tuan Minh"]
[Black "Cherniaiev, Tykhon"]
[WhiteFideId "12401153"]
[BlackFideId "14182360"]
[WhiteElo "2998"]
[BlackElo "2801"]
[Result "1-0"]
[Round "7"]
[TimeControl "180+1"]
[Date "2023.08.22"]
[WhiteClock "0:00:17"]
[BlackClock "0:00:07"]
[Board "22"]

1. d4 Nf6 2. Nf3 e6 3. Bf4 b6 4. e3 Be7 5. c4 Bb7 6. Nc3 O-O 7. Rc1 d6 8. Be2 Nbd7 9. h3 h6 10. O-O Ne4 11. Qc2 Nxc3 12. Qxc3 Nf6 13. Rfd1 c5 14. Qb3 cxd4 15. exd4 Rc8 16. Be3 Qc7 17. Qd3 Rfd8 18. b4 Be4 19. Qb3 Qb7 20. Ne1 Rc7 21. Bf1 Rdc8 22. Nd3 Nd7 23. a4 d5 24. c5 bxc5 25. Nxc5 Nxc5 26. dxc5 Bxc5 27. Bf4 Bd6 28. Rxc7 Qxc7 29. Rc1 Qxc1 30. Bxc1 Rxc1 31. f3 Rb1 32. Qc3 Bf5 33. g4 Bg6 34. b5 Kh7 35. h4 h5 36. gxh5 Bxh5 37. Kg2 Rb4 38. Bd3+ g6 39. Qf6 Rf4 40. Qd8 Bxf3+ 41. Kf2 Bc5+ 42. Ke1 Rxa4 43. Qf6 Be4 44. Qxf7+ Kh6 45. Qf4+ Kh7 46. Qc7+ Kh6 47. Qxc5 Bxd3 48. Qe3+ Kh7 49. Qxd3 Rxh4 50. Qa3 Re4+ 51. Kf2 Rf4+ 52. Kg3 Rc4 53. Qxa7+ Kh6 54. b6 Rc3+ 55. Kf2 Rc2+ 56. Ke1 d4 57. b7 d3 58. b8=Q Re2+ 59. Kd1 Rg2 60. Qf4+ Rg5 61. Qae3 d2 62. Qxg5+ Kh7 63. Qa7+ Kg8 64. Qd8# 1-0


[Site "https://www.chess.com"]

[Event "Titled Tuesday Blitz August 22 Early 2023"]
[White "Andreikin, Dmitry"]
[Black "Materia, Marco"]
[WhiteFideId "4158814"]
[BlackFideId "45150451"]
[WhiteElo "2992"]
[BlackElo "2790"]
[Result "1-0"]
[Round "7"]
[TimeControl "180+1"]
[Date "2023.08.22"]
[WhiteClock "0:00:21"]
[BlackClock "0:00:02"]
[Board "23"]

1. d4 Nf6 2. c4 e6 3. Nf3 d5 4. Bg5 dxc4 5. e4 b5 6. a4 c6 7. Nc3 Qb6 8. Bxf6 gxf6 9. g3 Be7 10. Bg2 Bb7 11. O-O Nd7 12. d5 cxd5 13. exd5 b4 14. dxe6 fxe6 15. Nb5 a6 16. a5 Qxb5 17. Nd4 Qe5 18. Bxb7 Ra7 19. Re1 Rxb7 20. Rxe5 Nxe5 21. Nxe6 Kf7 22. Ng5+ Kg6 23. Nf3 Nd3 24. Nh4+ Kf7 25. Qh5+ Kf8 26. Ng6+ hxg6 27. Qxh8+ Kf7 28. Qc8 Nc5 29. Re1 c3 30. b3 Rb5 31. Qc7 Ne6 32. Qc4 Re5 33. Rxe5 fxe5 34. Qxa6 Bc5 35. Qc4 Kf6 36. a6 Ba7 37. Qxb4 c2 38. Qc4 Nd4 39. Kf1 Bb6 40. b4 Kf5 41. Ke1 Ke4 42. Kd2 Kf3 43. Qd3+ Kxf2 44. Qxg6 Ba7 45. Qf7+ Nf3+ 46. Kxc2 Bd4 47. a7 Bxa7 48. Qxa7+ 1-0


[Site "https://www.chess.com"]

[Event "Titled Tuesday Blitz August 22 Early 2023"]
[White "Orozbaev, Eldiar"]
[Black "Van Foreest, Jorden"]
[WhiteFideId "13802240"]
[BlackFideId "1039784"]
[WhiteElo "2776"]
[BlackElo "2992"]
[Result "1-0"]
[Round "7"]
[TimeControl "180+1"]
[Date "2023.08.22"]
[WhiteClock "0:00:07"]
[BlackClock "0:00:02"]
[Board "24"]

1. e4 g6 2. d4 Bg7 3. Nc3 d6 4. Be3 a6 5. a4 Nf6 6. Nf3 b6 7. Bd3 Bb7 8. O-O Nbd7 9. Qe2 e6 10. Rad1 h6 11. Rfe1 O-O 12. h3 Qe7 13. Bc1 c5 14. e5 dxe5 15. dxe5 Nd5 16. Nxd5 exd5 17. e6 Qxe6 18. Qxe6 fxe6 19. Rxe6 g5 20. Rde1 c4 21. Bg6 Rf6 22. c3 Nc5 23. Rxf6 Bxf6 24. a5 Kg7 25. Bc2 bxa5 26. Be3 Ne6 27. Ra1 Bd8 28. Nd4 Nxd4 29. Bxd4+ Kf7 30. Re1 Bc8 31. Ba4 Rb8 32. Be8+ Kf8 33. Bc6 Be7 34. Ra1 Rxb2 35. Bxd5 Bd6 36. Bxc4 Bd7 37. Bxa6 a4 38. c4 Rc2 39. Bb5 Bxb5 40. cxb5 a3 41. b6 Rc4 42. Be3 Rb4 43. g3 Rb3 44. Kg2 Be5 45. Rxa3 Rb5 46. Ra7 Bd6 47. Rd7 Be5 48. b7 Ke8 49. Rh7 Bf6 50. Ba7 Be5 51. b8=Q+ Bxb8 52. Bxb8 1-0


[Site "https://www.chess.com"]

[Event "Titled Tuesday Blitz August 22 Early 2023"]
[White "Kevlishvili, Robby"]
[Black "Leiva, Gianmarco"]
[WhiteFideId "1040634"]
[BlackFideId "3804399"]
[WhiteElo "2975"]
[BlackElo "2743"]
[Result "1-0"]
[Round "7"]
[TimeControl "180+1"]
[Date "2023.08.22"]
[WhiteClock "0:00:15"]
[BlackClock "0:00:03"]
[Board "25"]

1. e4 c5 2. Nf3 d6 3. d4 cxd4 4. Nxd4 Nf6 5. Nc3 a6 6. h4 e5 7. Nb3 Be6 8. f4 exf4 9. Bxf4 Nc6 10. Qd2 Be7 11. O-O-O O-O 12. Kb1 Ne8 13. Nd5 Bxd5 14. exd5 Ne5 15. Nd4 Bf6 16. Be2 Rc8 17. g4 Nc4 18. Qb4 Qc7 19. g5 Be5 20. Bxe5 dxe5 21. Nf5 Ned6 22. Bxc4 Nxf5 23. Bd3 Nd6 24. h5 Rfe8 25. c3 e4 26. Bc2 Qc5 27. Qa4 b5 28. Qxa6 b4 29. Bb3 bxc3 30. Rc1 Nb5 31. Ba4 Rb8 32. Bxb5 Rxb5 33. Rxc3 Qxd5 34. g6 fxg6 35. hxg6 Ra5 36. gxh7+ Kh8 37. Qc4 Qa8 38. Rch3 e3 39. a3 e2 40. Re1 Rae5 41. Rc3 Qg2 42. Rc2 Qf2 43. Rcc1 Qf5+ 44. Ka1 Qf2 45. a4 Re4 46. Qb5 R8e5 47. Qb8+ Re8 48. Qb3 Qa7 49. Rc4 Qa5 50. Rxe4 Qxe1+ 51. Ka2 Rxe4 52. Qg8# 1-0


[Site "https://www.chess.com"]

[Event "Titled Tuesday Blitz August 22 Early 2023"]
[White "Paravyan, David"]
[Black "Shoker, Samy"]
[WhiteFideId "4194985"]
[BlackFideId "627143"]
[WhiteElo "2968"]
[BlackElo "2716"]
[Result "1-0"]
[Round "7"]
[TimeControl "180+1"]
[Date "2023.08.22"]
[WhiteClock "0:00:10"]
[BlackClock "0:00:08"]
[Board "26"]

1. Nf3 Nf6 2. c4 d6 3. d4 g6 4. Nc3 Bf5 5. Qb3 b6 6. g3 Nc6 7. Bg2 Bg7 8. O-O O-O 9. a3 Na5 10. Qa2 c5 11. b4 Nc6 12. dxc5 bxc5 13. bxc5 dxc5 14. Rd1 Qa5 15. Bd2 Rad8 16. Nd5 Qa6 17. Bc3 Nxd5 18. Bxg7 Kxg7 19. cxd5 Na5 20. Rac1 c4 21. Ne5 Rc8 22. e4 f6 23. Nxc4 Nxc4 24. exf5 Qxa3 25. Qxa3 Nxa3 26. Ra1 Nb5 27. Bf1 Nc3 28. Re1 Rc7 29. fxg6 hxg6 30. Ra5 Rd8 31. Bg2 Rd6 32. h4 a6 33. Bf3 Nb5 34. Re4 Rxd5 35. Rxe7+ Rxe7 36. Bxd5 Nc7 37. Bc4 Re5 38. Ra2 a5 39. Rd2 Rc5 40. Rd7+ Kf8 41. Bf7 a4 42. Bxg6 a3 43. Bf7 Nb5 44. Bb3 Rc3 45. Be6 Nc7 46. Bf7 Nb5 47. Be6 Nc7 48. Ba2 Rc2 49. h5 Rxa2 50. Rxc7 Rb2 51. Ra7 a2 52. Kg2 Kg8 53. g4 Rb4 54. Kg3 Rb3+ 55. f3 Rb2 56. Kf4 Kf8 57. Kf5 Rf2 58. f4 Kg8 59. Kg6 Kf8 60. f5 Rg2 61. Kxf6 Ke8 62. g5 Rb2 63. g6 Rb6+ 64. Kg5 Rb7 65. Rxa2 Rb1 66. Rg2 Kf8 67. Rg4 Kg8 68. h6 Rb7 69. Re4 Rb8 70. Re6 Kh8 71. Kf6 Rf8+ 72. Ke5 Rg8 73. Rd6 Re8+ 74. Kf6 Rg8 75. Ke7 Ra8 76. Rd8+ Rxd8 77. Kxd8 1-0


[Site "https://www.chess.com"]

[Event "Titled Tuesday Blitz August 22 Early 2023"]
[White "Donchenko, Alexander"]
[Black "Skliarov, Viktor"]
[WhiteFideId "24603295"]
[BlackFideId "14106736"]
[WhiteElo "2936"]
[BlackElo "2700"]
[Result "1-0"]
[Round "7"]
[TimeControl "180+1"]
[Date "2023.08.22"]
[WhiteClock "0:01:11"]
[BlackClock "0:00:04"]
[Board "27"]

1. d4 Nf6 2. c4 e6 3. g3 c5 4. Nf3 cxd4 5. Nxd4 Nc6 6. Bg2 Be7 7. O-O O-O 8. Nc3 a6 9. b3 Nxd4 10. Qxd4 Qc7 11. Bb2 d6 12. Rac1 Bd7 13. Rfd1 Rfd8 14. Ne4 Be8 15. Nc3 Rac8 16. h3 Qb8 17. e4 b5 18. cxb5 axb5 19. Ba3 e5 20. Qb4 Qa7 21. Nd5 Nxd5 22. exd5 Rxc1 23. Rxc1 Ra8 24. Bb2 h5 25. h4 Bd7 26. Bxe5 Bh3 27. Bxh3 dxe5 28. d6 Bf8 29. Qd2 Qd4 30. Qxd4 exd4 31. d7 Rd8 32. Rc8 Be7 33. Bf1 b4 34. Bb5 g6 35. Kf1 Kg7 36. Ke2 Kf6 37. Kd3 Ke5 38. f4+ Kd5 39. Bc4+ Kd6 40. Rxd8 Bxd8 41. Bxf7 Kxd7 42. Bxg6 Kd6 43. Bxh5 1-0


[Site "https://www.chess.com"]

[Event "Titled Tuesday Blitz August 22 Early 2023"]
[White "Zakhartsov, Vladimir"]
[Black "Gubajdullin, Alexei"]
[WhiteFideId "4145097"]
[BlackFideId "4141202"]
[WhiteElo "2911"]
[BlackElo "2681"]
[Result "1-0"]
[Round "7"]
[TimeControl "180+1"]
[Date "2023.08.22"]
[WhiteClock "0:00:14"]
[BlackClock "0:00:13"]
[Board "28"]

1. e4 g6 2. d4 d6 3. Nc3 a6 4. f4 Bg7 5. Nf3 b5 6. Bd3 Nd7 7. a4 b4 8. Nd5 a5 9. f5 Ngf6 10. Nxf6+ Bxf6 11. Bh6 c5 12. e5 dxe5 13. dxe5 Nxe5 14. Nxe5 Bxe5 15. Bb5+ Bd7 16. Qe2 Bxb2 17. Rd1 Bc3+ 18. Kf1 Ra7 19. Rd5 Qb6 20. Bc4 Bxf5 21. g4 Bd7 22. Kf2 Bc6 23. Rhd1 Bd4+ 24. R1xd4 cxd4 25. Qe5 d3+ 26. Be3 f6 27. Qe6 Qb7 28. Rxd3 Ra8 29. Qf7# 1-0


[Site "https://www.chess.com"]